SL
WIZARDING EXPRESS @ CHICAGO GOLD SOX
09/17/2032
 
TOP OF THE 1ST
Wizarding Express batting - Pitching for Chicago Gold Sox : RHP Tom McKee
Pitching: RHP Tom McKee
Batting: LHB José Corona 0-0: Ball
1-0: Foul Ball, location: 2F
1-1: Swinging Strike
1-2: Ball
2-2: SOLO HOME RUN (Flyball, 9LD), Distance : 369 ft
Batting: SHB Salvador Trevino 0-0: Ball
1-0: Ball
2-0: Ball
3-0: Base on Balls
Batting: LHB Nathan Tanner 0-0: Ball
1-0: Called Strike
1-1: Ball
2-1: Swinging Strike
2-2: Strikes out swinging
Batting: RHB Ralph Cranford 0-0: Called Strike
0-1: Foul Ball, location: 2F
0-2: Fly out, F6 (Line Drive, 6M)
Batting: SHB Fernando Sánchez 0-0: Ball
1-0: Foul Ball, location: 2F
1-1: Ball
2-1: Ball
3-1: Swinging Strike
3-2: Foul Ball, location: 2F
3-2: Strikes out looking
Top of the 1st over - 1 run, 1 hit, 0 errors, 1 left on base; Wizarding 1 - Chicago 0
BOTTOM OF THE 1ST
Chicago Gold Sox batting - Pitching for Wizarding Express : LHP Javier Roldán
Pitching: LHP Javier Roldán
Batting: LHB Noel Ballard 0-0: Foul Ball, location: 2F
0-1: Fly out, F7 (Flyball, 78S)
Batting: SHB Lupo Cotto 0-0: Swinging Strike
0-1: Ball
1-1: Ball
2-1: Swinging Strike
2-2: TRIPLE (Flyball, 9D)
Batting: RHB Jay Hood 0-0: Called Strike
0-1: Ball
1-1: Swinging Strike
1-2: Strikes out swinging
Batting: RHB Norman Winston 0-0: Ball
1-0: Ball
2-0: Foul Ball, location: 2F
2-1: Fly out, F3 (Line Drive, 3)
Bottom of the 1st over - 0 runs, 1 hit, 0 errors, 1 left on base; Wizarding 1 - Chicago 0
TOP OF THE 2ND
Wizarding Express batting - Pitching for Chicago Gold Sox : RHP Tom McKee
Batting: LHB António Boccanegra 0-0: Called Strike
0-1: Ball
1-1: Hit by Pitch
Batting: RHB Frank Grimes 0-0: Ball
1-0: Foul Ball, location: 2F
1-1: Ball
2-1: Fielders Choice at 2nd, 1-4 (Groundball, 15)
Batting: RHB Gustavo Mateo 0-0: Called Strike
0-1: Ground out 5-3 (Groundball, 56S)
Frank Grimes to second
Batting: LHB Cris Gonzáles 0-0: Ball
1-0: Called Strike
1-1: Ball
2-1: Fly out, F8 (Flyball, 8LS)
Top of the 2nd over - 0 runs, 0 hits, 0 errors, 1 left on base; Wizarding 1 - Chicago 0
BOTTOM OF THE 2ND
Chicago Gold Sox batting - Pitching for Wizarding Express : LHP Javier Roldán
Batting: RHB Hirohisa Ogasawara 0-0: Called Strike
0-1: Ball
1-1: Ball
2-1: Ball
3-1: Base on Balls
Batting: RHB Jeb Sexton 0-0: Ball
1-0: Called Strike
1-1: Called Strike
1-2: Foul Ball, location: 2F
1-2: Foul Ball, location: 2F
1-2: Foul Ball, location: 2F
1-2: 2-RUN HOME RUN (Flyball, 7LD), Distance : 375 ft
Batting: RHB Zeus Preckwinkle 0-0: Foul Ball, location: 2F
0-1: Ball
1-1: Ball
2-1: Foul Ball, location: 2F
2-2: Foul Ball, location: 2F
2-2: Strikes out looking
Batting: RHB Daniel Bertrand 0-0: Foul Ball, location: 2F
0-1: Ball
1-1: Fly out, F8 (Line Drive, 8RD)
Batting: RHB Gomez Talone 0-0: SINGLE (Line Drive, 4MD)
Batting: LHB Noel Ballard 0-0: Foul Ball, location: 2F
0-1: Ball
1-1: Ball
2-1: SINGLE (Groundball, 34) (infield hit)
Gomez Talone to second
Batting: SHB Lupo Cotto 0-0: Ball
1-0: Ball
2-0: Fly out, F8 (Flyball, 78M)
Bottom of the 2nd over - 2 runs, 3 hits, 0 errors, 2 left on base; Wizarding 1 - Chicago 2
TOP OF THE 3RD
Wizarding Express batting - Pitching for Chicago Gold Sox : RHP Tom McKee
Batting: LHB José Corona 0-0: Ball
1-0: Ball
2-0: Foul Ball, location: 2F
2-1: Fly out, F7 (Flyball, 78M)
Batting: SHB Salvador Trevino 0-0: Ball
1-0: Foul Ball, location: 2F
1-1: Ball
2-1: SINGLE (Line Drive, 8LS)
Batting: LHB Nathan Tanner 0-0: Ball
1-0: Swinging Strike
1-1: Foul Ball, location: 2F
1-2: Foul Ball, location: 2F
1-2: Fly out, F8 (Flyball, 8LM)
Batting: RHB Ralph Cranford 0-0: Fielders Choice at 2nd, 5-4 (Groundball, 56)
Top of the 3rd over - 0 runs, 1 hit, 0 errors, 1 left on base; Wizarding 1 - Chicago 2
BOTTOM OF THE 3RD
Chicago Gold Sox batting - Pitching for Wizarding Express : LHP Javier Roldán
Batting: RHB Jay Hood 0-0: Ball
1-0: Ball
2-0: DOUBLE (Flyball, 8RXD)
Batting: RHB Norman Winston 0-0: Ground out 5-3 (Groundball, 56S)
Jay Hood to third
Batting: RHB Hirohisa Ogasawara 0-0: Called Strike
0-1: Ball
1-1: Ball
2-1: Fly out, F8 (Flyball, 8LD)
Runner from 3rd tags up, SCORES, throw made
Batting: RHB Jeb Sexton 0-0: Called Strike
0-1: Ball
1-1: Ball
2-1: Foul Ball, location: 2F
2-2: Fly out, F9 (Flyball, 9D)
Bottom of the 3rd over - 1 run, 1 hit, 0 errors, 0 left on base; Wizarding 1 - Chicago 3
TOP OF THE 4TH
Wizarding Express batting - Pitching for Chicago Gold Sox : RHP Tom McKee
Batting: SHB Fernando Sánchez 0-0: Fly out, F7 (Flyball, 7LSF)
Batting: LHB António Boccanegra 0-0: Ball
1-0: Swinging Strike
1-1: Swinging Strike
1-2: Foul Ball, location: 2F
1-2: Ball
2-2: Ball
3-2: Strikes out looking
Batting: RHB Frank Grimes 0-0: Called Strike
0-1: Ball
1-1: Ball
2-1: Foul Ball, location: 2F
2-2: Foul Ball, location: 2F
2-2: Ball
3-2: Foul Ball, location: 2F
3-2: Base on Balls
Batting: RHB Gustavo Mateo 0-0: Fly out, F5 (Line Drive, 5)
Top of the 4th over - 0 runs, 0 hits, 0 errors, 1 left on base; Wizarding 1 - Chicago 3
BOTTOM OF THE 4TH
Chicago Gold Sox batting - Pitching for Wizarding Express : LHP Javier Roldán
Batting: RHB Zeus Preckwinkle 0-0: Called Strike
0-1: Foul Ball, location: 2F
0-2: Ball
1-2: Fly out, F8 (Flyball, 8RXD)
Batting: RHB Daniel Bertrand 0-0: Fly out, F8 (Flyball, 8RD)
Batting: RHB Gomez Talone 0-0: Called Strike
0-1: Ball
1-1: Ball
2-1: Called Strike
2-2: Fly out, F8 (Line Drive, 89D)
Bottom of the 4th over - 0 runs, 0 hits, 0 errors, 0 left on base; Wizarding 1 - Chicago 3
TOP OF THE 5TH
Wizarding Express batting - Pitching for Chicago Gold Sox : RHP Tom McKee
Batting: LHB Cris Gonzáles 0-0: Foul Ball, location: 2F
0-1: Ball
1-1: Ball
2-1: Ball
3-1: Swinging Strike
3-2: Ground out 6-3 (Groundball, 6)
Batting: LHB José Corona 0-0: Ball
1-0: Fly out, F5 (Popup, 5)
Batting: SHB Salvador Trevino 0-0: Ball
1-0: Ball
2-0: Swinging Strike
2-1: Ball
3-1: SINGLE (Line Drive, 78S)
Batting: LHB Nathan Tanner 0-0: Ball
Salvador Trevino steals 2nd base
1-0: Ground out U3 (Groundball, 3)
Top of the 5th over - 0 runs, 1 hit, 0 errors, 1 left on base; Wizarding 1 - Chicago 3
BOTTOM OF THE 5TH
Chicago Gold Sox batting - Pitching for Wizarding Express : LHP Javier Roldán
Batting: LHB Noel Ballard 0-0: Ball
1-0: Called Strike
1-1: Foul Ball, location: 2F
1-2: Ball
2-2: Strikes out swinging, 2-3 out at first.
Batting: SHB Lupo Cotto 0-0: Called Strike
0-1: Foul Ball, location: 2F
0-2: Strikes out swinging
Batting: RHB Jay Hood 0-0: Ball
1-0: Foul Ball, location: 2F
1-1: Ball
2-1: Ground out 1-3 (Groundball, 13)
Bottom of the 5th over - 0 runs, 0 hits, 0 errors, 0 left on base; Wizarding 1 - Chicago 3
TOP OF THE 6TH
Wizarding Express batting - Pitching for Chicago Gold Sox : RHP Tom McKee
Batting: RHB Ralph Cranford 0-0: Ball
1-0: Called Strike
1-1: Ball
2-1: Ball
3-1: Fly out, F8 (Flyball, 89S)
Batting: SHB Fernando Sánchez 0-0: Ball
1-0: Called Strike
1-1: Ball
2-1: Ground out 4-3 (Groundball, 4)
Batting: LHB António Boccanegra 0-0: Ball
1-0: Ball
2-0: Ball
3-0: Base on Balls
Batting: RHB Frank Grimes 0-0: Ball
1-0: Ball
2-0: Ball
3-0: Called Strike
3-1: Base on Balls
António Boccanegra to second
Batting: RHB Gustavo Mateo 0-0: Ball
1-0: Foul Ball, location: 2F
1-1: Foul Ball, location: 2F
1-2: Ball
2-2: Strikes out looking
Top of the 6th over - 0 runs, 0 hits, 0 errors, 2 left on base; Wizarding 1 - Chicago 3
BOTTOM OF THE 6TH
Chicago Gold Sox batting - Pitching for Wizarding Express : LHP Javier Roldán
Batting: RHB Norman Winston 0-0: Called Strike
0-1: Ground out 4-3 (Groundball, 4)
Batting: RHB Hirohisa Ogasawara 0-0: Fly out, F9 (Line Drive, 9LM)
Batting: RHB Jeb Sexton 0-0: Foul Ball, location: 2F
0-1: Called Strike
0-2: Foul Ball, location: 2F
0-2: Ball
1-2: Ball
2-2: Foul Ball, location: 2F
2-2: Foul Ball, location: 2F
2-2: DOUBLE (Line Drive, 7LM)
Batting: RHB Zeus Preckwinkle 0-0: Called Strike
0-1: Swinging Strike
0-2: Strikes out swinging
Bottom of the 6th over - 0 runs, 1 hit, 0 errors, 1 left on base; Wizarding 1 - Chicago 3
TOP OF THE 7TH
Wizarding Express batting - Pitching for Chicago Gold Sox : RHP Tom McKee
Batting: LHB Cris Gonzáles 0-0: Called Strike
0-1: Ball
1-1: Ball
2-1: Foul Ball, location: 2F
2-2: Strikes out swinging
Batting: LHB José Corona 0-0: Ball
1-0: Foul Ball, location: 2F
1-1: Called Strike
1-2: SINGLE (Line Drive, 89S)
Pitching: LHP Esteban Jiménez
Batting: SHB Salvador Trevino 0-0: Called Strike
0-1: Fielders Choice at 2nd, 5-4 (Groundball, 56)
Batting: LHB Nathan Tanner 0-0: Called Strike
0-1: Called Strike
0-2: Strikes out swinging
Top of the 7th over - 0 runs, 1 hit, 0 errors, 1 left on base; Wizarding 1 - Chicago 3
BOTTOM OF THE 7TH
Chicago Gold Sox batting - Pitching for Wizarding Express : LHP Javier Roldán
Batting: RHB Daniel Bertrand 0-0: Foul Ball, location: 2F
0-1: Ball
1-1: Ball
2-1: Ground out U3 (Groundball, 34)
Batting: RHB Gomez Talone 0-0: Called Strike
0-1: Ground out 4-3 (Groundball, 4M)
Batting: LHB Noel Ballard 0-0: Foul Ball, location: 2F
0-1: Ball
1-1: Ball
2-1: Ball
3-1: SINGLE (Groundball, 6MD)
Batting: SHB Lupo Cotto 0-0: Swinging Strike
0-1: Fly out, F9 (Flyball, 89S)
Bottom of the 7th over - 0 runs, 1 hit, 0 errors, 1 left on base; Wizarding 1 - Chicago 3
TOP OF THE 8TH
Wizarding Express batting - Pitching for Chicago Gold Sox : LHP Esteban Jiménez
Batting: RHB Ralph Cranford 0-0: Foul Ball, location: 2F
0-1: Ground out 6-3 (Groundball, 56)
Batting: SHB Fernando Sánchez 0-0: Fly out, F7 (Flyball, 7LS)
Batting: LHB António Boccanegra 0-0: Called Strike
0-1: Swinging Strike
0-2: Strikes out swinging
Top of the 8th over - 0 runs, 0 hits, 0 errors, 0 left on base; Wizarding 1 - Chicago 3
BOTTOM OF THE 8TH
Chicago Gold Sox batting - Pitching for Wizarding Express : LHP Javier Roldán
Batting: RHB Jay Hood 0-0: Ground out 1-3 (Groundball, 13)
Batting: RHB Norman Winston 0-0: Ball
1-0: Ball
2-0: Foul Ball, location: 2F
2-1: Foul Ball, location: 2F
2-2: Foul Ball, location: 2F
2-2: Ball
3-2: Fly out, F8 (Line Drive, 89D)
Batting: RHB Hirohisa Ogasawara 0-0: Ball
1-0: Foul Ball, location: 2F
1-1: Foul Ball, location: 2F
1-2: Foul Ball, location: 2F
1-2: Fly out, F8 (Flyball, 8RD)
Bottom of the 8th over - 0 runs, 0 hits, 0 errors, 0 left on base; Wizarding 1 - Chicago 3
TOP OF THE 9TH
Wizarding Express batting - Pitching for Chicago Gold Sox : LHP Esteban Jiménez
Batting: RHB Frank Grimes 0-0: Foul Ball, location: 2F
0-1: Ball
1-1: Foul Ball, location: 2F
1-2: Strikes out swinging
Batting: RHB Gustavo Mateo 0-0: Foul Ball, location: 2F
0-1: Foul Ball, location: 2F
0-2: Ball
1-2: Ball
2-2: Ball
3-2: Strikes out swinging
Batting: LHB Cris Gonzáles 0-0: Foul Ball, location: 2F
0-1: Called Strike
0-2: Strikes out looking
Top of the 9th over - 0 runs, 0 hits, 0 errors, 0 left on base; Wizarding 1 - Chicago 3
Wednesday, September 19th, 2018 - OOTP Baseball 18.8 Build 76